 Dungeon Crawl Stone Soup version 0.31.0-32-g396128a36d (webtiles) character file.

Game seed: 5538385243478504516

9144 monsoonserge the Cutter (level 11, -3/72 (75) HPs)
             Began as an Octopode Shapeshifter on Apr 8, 2024.
             Was an Initiate of Gozag.
             Killed by vampiric draining
             ... invoked by Josephine
              (25 damage)
             ... on level 10 of the Dungeon.
             The game lasted 00:28:40 (8387 turns).

monsoonserge the Cutter (Octopode Shapeshifter)     Turns: 8387, Time: 00:28:41

HP:   -3/72 (75)    AC:  5    Str: 16    XL:     11   Next: 41%
MP:   15/15         EV: 20    Int: 19    God:    Gozag
Gold: 1994          SH:  5    Dex: 13    Spells: 4/15 levels left

rFire   . . .        p - +9 dagger of the Tiger {venom, rC+}
rCold   + . .        I - +0 buckler
rNeg    . . .        (helmet currently unavailable)
rPois   .            (no amulet)
rElec   .            e - ring of wizardry
rCorr   +            m - +4 ring of protection
SInv    +            s - +5 ring of evasion
Will    .....        u - +6 ring of intelligence
Stlth   ++++         v - ring of resist corrosion
HPRegen 0.32/turn    O - ring of see invisible
MPRegen 0.14/turn    (no ring)
                     (no ring)

%: wizardry (x1)
@: beast-form, slowed, lightly drained, very slow
A: beast (slay +3), almost no armour, amphibious, 8 rings, camouflage 1,
gelatinous body 1, (nimble swimmer 1), tentacles
a: Begin Untransformation, Renounce Religion, Potion Petition, Call Merchant,
Bribe Branch


You were on level 10 of the Dungeon.
You worshipped Gozag.
Gozag was most pleased with you.
You were a hulking beast.
You visited 2 branches of the dungeon, and saw 11 of its levels.

You collected 2073 gold pieces.
You paid 79 gold pieces to Gozag.

Inventory:

Hand Weapons
 p - the +9 dagger of the Tiger (weapon) {venom, rC+}
   (You found it on level 2 of the Dungeon)

   rC+:       It protects you from cold.
 K - a +4 trident of draining
Missiles
 E - 27 poisoned darts (quivered)
 F - 13 boomerangs
 J - 16 throwing nets
 N - 6 curare-tipped darts
Armour
 I - a +0 buckler (worn)
Jewellery
 e - a ring of wizardry (left tentacle)
 m - a +4 ring of protection (right tentacle)
 s - a +5 ring of evasion (on tentacle)
 u - a +6 ring of intelligence (on tentacle)
 v - a ring of resist corrosion (on tentacle)
 O - a ring of see invisible (on tentacle)
Talismans
 b - a beast talisman
 c - a flux talisman
 f - a talisman of death
 x - a serpent talisman
Wands
 y - a wand of iceblast (5)
 G - a wand of flame (38)
Scrolls
 g - 2 scrolls of immolation
 h - 3 scrolls of poison
 i - a scroll of brand weapon
 j - 4 scrolls of fog
 k - a scroll of vulnerability {unknown}
 n - 4 scrolls of teleportation
 q - 2 scrolls of amnesia
 t - 2 scrolls of summoning
 w - 2 scrolls of enchant weapon {unknown}
 z - 5 scrolls of blinking {unknown}
 L - 4 scrolls of enchant armour {unknown}
 P - a scroll of revelation {unknown}
 R - 3 scrolls of noise {unknown}
Potions
 a - a potion of lignification
 d - a potion of invisibility {unknown}
 l - 6 potions of curing
 o - a potion of mutation {unknown}
 r - 3 potions of attraction
 A - a potion of berserk rage {unknown}
 B - 4 potions of enlightenment {unknown}
 C - 2 potions of cancellation
 D - 2 potions of magic {unknown}
 H - a potion of resistance {unknown}
 M - 2 potions of brilliance {unknown}
 Q - a potion of heal wounds {unknown}


   Skills:
 + Level 7.0 Fighting
 + Level 7.8 Short Blades
 - Level 2.0 Throwing
 + Level 6.9 Dodging
 - Level 7.0 Stealth
 + Level 5.1 Shields
 - Level 3.2 Unarmed Combat
 + Level 2.8 Spellcasting
 - Level 3.0 Necromancy
 + Level 3.6 Translocations
 + Level 2.9 Air Magic
 - Level 1.0 Evocations
 + Level 6.8 Shapeshifting


You had 4 spell levels left.
You knew the following spells:

 Your Spells              Type           Power      Damage    Failure   Level
a - Blink                 Tloc           32%        N/A       2%          2
b - Fugue of the Fallen   Necr           14%        N/A       7%          3
c - Lesser Beckoning      Tloc           32%        N/A       2%          2
d - Vhi's Electric Charg  Tloc/Air       30%        N/A       21%         4

Your spell library contained the following spells:

 Spells                   Type           Power      Damage    Failure   Level
 Sublimation of Blood     Necr           14%        N/A       3%          2
 Shock                    Conj/Air       32%        1d5       4%          1
 Momentum Strike          Conj/Tloc      18%        3d8       6%          2
 Swiftness                Air            13%        N/A       8%          3
 Magic Dart               Conj           8%         1d3       9%          1
 Ensorcelled Hibernation  Hex/Ice        4%         N/A       12%         2
 Searing Ray              Conj           4%         2d4       12%         2
 Manifold Assault         Tloc           16%        N/A       17%         4
 Confusing Touch          Hex            2%         N/A       24%         3
 Ozocubu's Armour         Ice            2%         N/A       24%         3
 Airstrike                Air            6%         2d(1-17)  24%         4
 Anguish                  Hex/Necr       4%         N/A       38%         4
 Fulminant Prism          Conj/Alch      1%         3d5       58%         4
 Ignite Poison            Fire/Alch      2%         N/A       58%         4
 Leda's Liquefaction      Alch/Erth      1%         N/A       58%         4
 Petrify                  Alch/Erth      2%         N/A       58%         4
 Sticky Flame             Fire/Alch      2%         2d4       58%         4
 Arcjolt                  Conj/Air       4%         1d14      73%         5
 Irradiate                Conj/Alch      1%         3d12      89%         5
 Plasma Beam              Fire/Air       4%         2x1d14    99%         6


Dungeon Overview and Level Annotations

Branches:
Dungeon (10/15)            Temple (1/1) D:4             Orc (0/2) D:9
   Lair: D:8-11

Altars:
Ashenzari
Cheibriados
Dithmenos
Elyvilon
Fedhas
Gozag
Hepliaklqana
Kikubaaqudgha
Makhleb
Nemelex Xobeh
Okawaru
Qazlal
Ru
Sif Muna
Trog
Uskayaw
Vehumet
Wu Jian
Xom
Yredelemnul
Zin
The Shining One

Shops:
D:5 :

Portals:
Bailey: D:10

Annotations:
D:10 Josephine


Innate Abilities, Weirdness & Mutations

You are a hulking beast.
Your limbs bulge with bestial killing power. (Slay +3)
You cannot wear most types of armour.
You are amphibious.
You can wear up to eight rings at the same time.
Your skin changes colour to match your surroundings (Stealth+).
Your rubbery body absorbs attacks. (AC +1, EV +1)
((You are camouflaged when in or above water. (Stealth+)))
You have tentacles for arms and can constrict up to eight enemies at once.


Message History

The wraith is moderately damaged.
The wraith is distracted by your dazzling golden aura.
You block the wraith's attack.
You puncture the wraith!
You destroy the wraith!
The wraith hits you. The wraith drains your vigour!
You feel as though you will be slow longer.
The wraith is distracted by your dazzling golden aura.
Your Fighting skill increases to level 7!
Unknown command.
You hit Josephine.
Josephine is poisoned.
You grab Josephine. Your squeeze misses Josephine.
Josephine is lightly wounded.
You constrict Josephine. The wraith hits you.
Josephine hits you but does no damage.
Unknown command.
You puncture Josephine!
Josephine looks as sick as possible!
You squeeze Josephine, but do no damage.
Josephine is moderately wounded.
You constrict Josephine. The wraith closely misses you.
Josephine closely misses you.
Unknown command.
You hit Josephine.
Josephine looks as sick as possible!
You squeeze Josephine.
Josephine is heavily wounded.
You constrict Josephine. The wraith hits you. The wraith drains your vigour!
You feel as though you will be slow longer.
Josephine gestures at you while chanting.
The ghostly flame explodes!
The ghostly fireball engulfs you!!
You feel drained.
The ghostly fireball engulfs Josephine.
Josephine completely resists.
The ghostly fireball engulfs the wraith.
The wraith completely resists.
You puncture Josephine!
Josephine looks as sick as possible!
You squeeze Josephine, but do no damage.
Josephine is heavily wounded.
You constrict Josephine. The wraith completely misses you.
Josephine grins evilly.
Josephine draws life force from you!!
You die...
Your body crumbles into a pile of gold.

... ... #########...
#..$..?..... #
#........).#
#)#########..........#
#..W$................#
#...Wh.........[.....#
#...@................#
#.#########...........
# ...........)..
...........)∩).
.............)..
.......####.....
.......# ##.... #####


You could see Josephine (extremely poisoned) and 2 wraiths.

Vanquished Creatures
  Harold (D:9)
  3 two-headed ogres
  Jeremiah (D:7)
  A kobold demonologist (D:10)
  2 trolls (D:10)
  A hornet (D:6)
  A wyvern (D:9)
  3 yaks (D:8)
  2 wraiths (D:10)
  2 acid dragons
  Edmund (D:4)
  Duvessa (D:7)
  3 ice beasts
  A sky beast (D:7)
  3 orc warriors (D:9)
  A black bear (D:5)
  4 ogres
  A wolf (D:5)
  5 centaurs
  A phantom (D:7)
  The ghost of rutigerpupkin the Digger, an amateur GrEE (D:3)
  2 kobold brigands
  2 bullfrogs (D:7)
  6 gnoll sergeants
  3 scorpions
  3 wights (D:5)
  Dowan (D:7)
  A bombardier beetle (D:4)
  6 orc priests
  13 hounds
  2 jellies (D:6)
  2 gnoll boudas
  Ijyb (D:5)
  2 iguanas
  A sleepcap (D:5)
  5 orc wizards
  Robin (D:5)
  41 gnolls
  10 adders
  2 shadow imps
  A white imp (D:5)
  8 ribbon worms
  5 dart slugs
  26 orcs
  7 ball pythons
  4 endoplasms
  2 giant cockroaches (D:2)
  7 goblins
  16 hobgoblins
  15 jackals
  4 quokkas (D:2)
  3 bats
  2 frilled lizards
  14 kobolds
  5 rats
262 creatures vanquished.

Notes
Turn   | Place    | Note
-------+----------+-------------------------------------------
     0 | D:1      | monsoonserge the Octopode Shapeshifter began the quest for
                  | the Orb.
     0 | D:1      | Reached XP level 1. HP: 13/13 MP: 1/1
    88 | D:1      | Reached XP level 2. HP: 9/18 MP: 2/2
   131 | D:1      | Found a faded altar of an unknown god.
   617 | D:1      | Reached skill level 1 in Stealth
   855 | D:2      | Reached XP level 3. HP: 3/23 MP: 3/3
  1078 | D:2      | Identified the +9 dagger of the Tiger {venom, rC+}
  1584 | D:2      | Reached XP level 4. HP: 29/29 MP: 4/4
  1591 | D:2      | Identified the +2 rapier "Xipnoram" {holy, Int+2}
  1609 | D:2      | Reached skill level 1 in Short Blades
  1777 | D:3      | Found a runed translucent door.
  1778 | D:3      | Noticed rutigerpupkin's ghost (amateur GrEE)
  1932 | D:3      | Reached XP level 5. HP: 34/34 MP: 5/5
  1953 | D:3      | Learned a level 2 spell: Blink
  2502 | D:4      | Reached skill level 1 in Translocations
  2616 | D:4      | Noticed an ogre
  2623 | D:4      | Killed an ogre
  2624 | D:4      | Reached skill level 1 in Spellcasting
  2624 | D:4      | Reached XP level 6. HP: 20/41 MP: 5/7
  2726 | D:4      | Noticed Edmund
  2737 | D:4      | Killed Edmund
  2738 | D:4      | Reached skill level 1 in Evocations
  2764 | D:4      | Found a staircase to the Ecumenical Temple.
  2770 | Temple   | Entered the Ecumenical Temple
  2803 | Temple   | Became a worshipper of Gozag Ym Sagoz the Greedy
  2982 | D:3      | Killed rutigerpupkin's ghost
  2983 | D:3      | Reached XP level 7. HP: 43/46 MP: 8/8
  3320 | D:5      | Entered Level 5 of the Dungeon
  3459 | D:5      | Reached XP level 8. HP: 50/53 MP: 9/9
  3608 | D:5      | Learned a level 3 spell: Fugue of the Fallen
  3696 | D:5      | Noticed Robin
  3699 | D:5      | Noticed Ijyb
  3718 | D:5      | Killed Robin
  3749 | D:5      | Killed Ijyb
  3908 | D:5      | Reached skill level 5 in Stealth
  3965 | D:5      | Reached skill level 1 in Necromancy
  4173 | D:5      | Reached skill level 5 in Short Blades
  4236 | D:5      | Reached XP level 9. HP: 8/59 MP: 11/11
  4461 | D:5      | You fall into a shaft and drop 1 floor!
  4494 | D:6      | Reached skill level 1 in Shields
  4619 | D:5      | Found Nugeo's Book Emporium.
  4740 | D:5      | Reached skill level 5 in Shapeshifting
  5058 | D:6      | Reached skill level 1 in Throwing
  5083 | D:6      | Reached skill level 5 in Fighting
  5083 | D:6      | Reached skill level 5 in Dodging
  5088 | D:6      | Got the Treatise on Doom and the Adder
  5123 | D:6      | Found a burning altar of Makhleb.
  5632 | D:6      | Noticed a hornet
  5639 | D:6      | Killed a hornet
  5697 | D:7      | Noticed Jeremiah
  5879 | D:7      | Killed Jeremiah
  5880 | D:7      | Reached XP level 10. HP: 66/66 MP: 13/13
  5882 | D:7      | Noticed Dowan
  5884 | D:7      | Noticed Duvessa
  5891 | D:7      | Killed Duvessa
  5897 | D:7      | Killed Dowan
  6838 | D:8      | Noticed a two-headed ogre
  6861 | D:8      | Killed a two-headed ogre
  7047 | D:8      | Learned a level 2 spell: Lesser Beckoning
  7052 | D:8      | Learned a level 4 spell: Vhi's Electric Charge
  7297 | D:9      | Found a staircase to the Orcish Mines.
  7311 | D:9      | Reached skill level 1 in Air Magic
  7579 | D:9      | Noticed Harold
  7587 | D:9      | Killed Harold
  7588 | D:9      | Reached XP level 11. HP: 64/74 MP: 14/14
  8041 | D:10     | Entered Level 10 of the Dungeon
  8145 | D:10     | Noticed a two-headed ogre
  8154 | D:10     | Killed a two-headed ogre
  8182 | D:10     | Noticed a two-headed ogre
  8193 | D:10     | Killed a two-headed ogre
  8202 | D:10     | Reached skill level 5 in Shields
  8346 | D:10     | Found a flagged portal.
  8372 | D:10     | Noticed Josephine
  8387 | D:10     | Killed from afar by Josephine

Illustrated notes

Levels and vault maps discovered:
D:1:      moated_graveyard_arrival, layout_basic,
          chequers_ecumenical_altar_simple
D:2:      layout_basic, minmay_joined_circles
D:3:      layout_loops_ring, hellmonk_ghost_happy_afterlife
D:4:      layout_rooms, minmay_temple_entry_gardened_gates, grunt_decor_clamped,
          uniq_edmund
D:5:      layout_cave_pools, serial_gnoll_camp, gnoll_camp_mini_hut,
          gnoll_camp_mini_house, gnoll_camp_huts_moat, gnoll_camp_mini_doghouse,
          gnoll_camp_mini_doghouse, gnoll_camp_mini_house, serial_shops,
          nicolae_shop_real_fake_doors, nicolae_goblin_pals
D:6:      layout_loops_ring, lemuel_tele_altar
D:7:      kennysheep_housing_project, layout_basic, uniq_duvessa, uniq_jeremiah
D:8:      layout_gridville, kennysheep_cross_bottleneck
D:9:      layout_basic, david_orc_3, uniq_harold
D:10:     layout_basic, erik_lair_orcish_takeover, enter_bailey_2, minivault_19,
          ebering_dispersal_statue_hall, nicolae_diode_stairs, uniq_josephine
Temple:   kilobyte_greek_temple

Skill      XL: |  1  2  3  4  5  6  7  8  9 10 11 |
---------------+----------------------------------+-----
Stealth        | 1 2 3 4 5 6 7 |  7.0
Fighting       | 2 3 4 5 6 7 |  7.0
Short Blades   | 1 2 3 5 6 7 |  7.8
Translocations | 1 2 3 |  3.6
Spellcasting   | 1 2 |  2.8
Dodging        | 3 4 5 6 |  6.9
Evocations     | 1 |  1.0
Shapeshifting  | 4 5 6 |  6.8
Necromancy     | 1 3 |  3.0
Shields        | 2 4 5 |  5.1
Throwing       | 2 |  2.0
Air Magic      | 2 |  2.9
Unarmed Combat | |  3.2

Action                     |  1- 3 |  4- 6 |  7- 9 | 10-12 || total
---------------------------+-------+-------+-------+-------++-------
  Melee: Unarmed           |    44 |       |       |       ||    44
         Constrict         |    18 |    19 |    50 |    29 ||   116
         Tentacles         |    16 |    18 |    52 |    61 ||   147
         Punch             |     1 |     1 |    12 |     7 ||    21
         Dagger            |    19 |    75 |   220 |   164 ||   478
  Throw: Dart              |       |       |       |     4 ||     4
  Evoke: Wand              |       |       |       |     2 ||     2
    Use: Scroll            |       |       |     9 |     1 ||    10
         Potion            |       |       |     1 |       ||     1
   Stab: Sleeping          |     5 |     3 |    22 |     8 ||    38
         Distracted        |       |       |     3 |     4 ||     7
 Armour: Skin              |    30 |    21 |    65 |    50 ||   166
  Dodge: Dodged            |    37 |    42 |   130 |    91 ||   300
  Block: Buckler           |       |       |     9 |    29 ||    38
